 Dungeon Crawl Stone Soup version 0.31-a0-102-g33a4ccc0cb (console) character file.

Game seed: 15981658869002032735

281874 petzl the Devastator (level 21, -7/95 (112) HPs)
             Began as a Formicid Delver on May 27, 2023.
             Was the Champion of Vehumet.
             Killed from afar by a ynoxinul (18 damage)
             ... with an entropic shot
             ... on level 2 of the Abyss on May 30, 2023.
             The game lasted 06:04:16 (52550 turns).

petzl the Devastator (Formicid Delver)             Turns: 52550, Time: 06:04:16

HP:   -7/95 (112)   AC: 13    Str: 18      XL:     21   Next: 38%
MP:   33/36         EV: 12    Int: 24      God:    Vehumet [******]
Gold: 797           SH: 23    Dex: 12 (13) Spells: 4/49 levels left

rFire   . . .        b - +4 shortbow {elec, rElec rCorr Str-3 Int+6}
rCold   x x x        L - +5 Storm Queen's Shield {shock, Fly rElec}
rNeg    . . .        v - +1 troll leather armour
rPois   +            (helmet unavailable)
rElec   +            F - +2 cloak {rPois}
rCorr   +            l - +3 pair of gauntlets of War {Slay+5}
SInv    +            A - +0 pair of boots "Joczaotz" {Int+3}
Will    ++...        h - amulet of reflection
Stlth   ++++++       t - ring of Generosity {rCorr MP+9 Dex-5 Slay+5 SInv}
HPRegen 0.00/turn    q - ring of the Wary Beds {rC- Str+6 Dex+7 Stlth+}
MPRegen 0.25/turn

%: reflection
@: sick, flying, inhibited regen, heavily drained, unable to read
A: permanent stasis, dig shafts and tunnels, antennae 3, four strong arms,
clumsy 1[+1], [deformed body], [deterioration 2], [dopey 2], [frail 3], low MP
1[+2], [screaming 2], [inhibited regeneration], [weak 2], [no potion heal 2],
[cold vulnerability 3], [subdued magic 3], [inability to read after injury 2]
}: 2/15 runes: decaying, serpentine
a: Dig, Shaft Self, Renounce Religion


You were on level 2 of the Abyss.
You worshipped Vehumet.
Vehumet was exalted by your worship.
You visited 9 branches of the dungeon, and saw 37 of its levels.
You visited the Abyss 1 time.
You also visited: Gauntlet.

You collected 4010 gold pieces.
You spent 3213 gold pieces at shops.

Inventory:

Hand Weapons
 a - a +2 flail of protection
 b - the +4 shortbow of Dishonour (weapon) {elec, rElec rCorr Str-3 Int+6}
   (You bought it in a shop on level 1 of the Snake Pit)

   Str:       It affects your strength (-3).
   Int:       It affects your intelligence (+6).
   rElec:     It insulates you from electricity.
   rCorr:     It protects you from acid and corrosion.
 c - the +11 war axe of the Warrior-Mage {heavy, Int+6, !f =f}
   (You found it on level 4 of the Lair of Beasts)

   Int:       It affects your intelligence (+6).
 m - a +2 spectral quarterstaff
 w - the +7 war axe of the Smoking Gods {heavy, *Slow Will++, !f =f}
   (You bought it in a shop on level 2 of the Orcish Mines)

   *Slow:     It may slow you when you take damage.
   Will:      It greatly increases your willpower.
Missiles
 s - 6 curare-tipped darts
 x - 9 silver javelins
 Z - 7 throwing nets
Armour
 l - the +3 pair of gauntlets of War (worn) {Slay+5}
   (You found it in a Gauntlet)

   Slay:      It affects your accuracy & damage with ranged weapons and melee
   (+5).
 v - a +1 troll leather armour (worn)
 A - the +0 pair of boots "Joczaotz" (worn) {Int+3}
   (You found it on level 5 of the Lair of Beasts)

   Int:       It affects your intelligence (+3).
 F - a +2 cloak of poison resistance (worn)
 L - the +5 Storm Queen's Shield (worn) {shock, Fly rElec}
   (You bought it in a shop on level 5 of the Dungeon)

   Shock:     When it blocks an attack, it may electrocute the attacker.
   This works even against foes who are a short distance away.
   rElec:     It insulates you from electricity.
   Fly:       It grants you flight.
Jewellery
 g - a ring of the Octopus King {rC+ HP+2 AC+2 EV+2 SH+2}
   (You found it in a Gauntlet)

   [ring of protection from cold]

   AC:        It affects your AC (+2).
   EV:        It affects your evasion (+2).
   rC:        It protects you from cold.
   HP:        It affects your health (+2).
   SH:        It affects your SH (+2).
 h - an amulet of reflection (around neck)
 q - the ring of the Wary Beds (right hand) {rC- Str+6 Dex+7 Stlth+}
   (You found it on level 2 of the Vaults)

   [ring of strength]

   Str:       It affects your strength (+6).
   Dex:       It affects your dexterity (+7).
   rC:        It makes you vulnerable to cold.
   Stlth:     It makes you more stealthy.
 t - the ring of Generosity (left hand) {rCorr MP+9 Dex-5 Slay+5 SInv}
   (You bought it in a shop on level 3 of the Snake Pit)

   [ring of magical power]

   Dex:       It affects your dexterity (-5).
   Slay:      It affects your accuracy & damage with ranged weapons and melee
   (+5).
   MP:        It affects your magic capacity (+9).
   SInv:      It lets you see invisible.
   rCorr:     It protects you from acid and corrosion.
Wands
 f - a wand of digging (1)
 u - a wand of mindburst (4)
 z - a wand of light (22)
 D - a wand of flame (50)
 N - a wand of iceblast (8)
 V - a wand of polymorph (9)
 X - a wand of paralysis (35)
Scrolls
 i - a scroll of immolation
 n - 5 scrolls of poison
 p - a scroll of torment
 y - 7 scrolls of identify
 C - a scroll of enchant armour
 H - 11 scrolls of fog
 J - 2 scrolls of fear
 T - a scroll of silence
Potions
 j - 2 potions of resistance
 k - a potion of ambrosia
 o - 14 potions of curing
 r - 9 potions of might
 O - 4 potions of brilliance
 S - 4 potions of enlightenment
Miscellaneous
 e - a condenser vane
 B - a box of beasts (inert)
 E - a phial of floods


   Skills:
 + Level 12.6 Fighting
 - Level 2.0(2.7) Maces & Flails
 - Level 2.7(3.1) Staves
 - Level 5.8 Ranged Weapons
 - Level 8.6 Armour
 - Level 4.1 Dodging
 - Level 12.0 Stealth
 - Level 15.0 Shields
 + Level 14.8 Spellcasting
 + Level 15.8 Conjurations
 - Level 3.5 Hexes
 - Level 2.4 Necromancy
 * Level 13.1 Fire Magic
 - Level 9.7 Ice Magic
 - Level 10.0 Air Magic
 - Level 8.0 Poison Magic
 - Level 3.0 Evocations


You had 4 spell levels left.
You knew the following spells:

 Your Spells              Type           Power      Damage    Failure   Level
a - Poisonous Vapours     Pois/Air       54%        N/A       1%          2
b - Stone Arrow           Conj/Erth      48%        3d10      1%          3
c - Dazzling Flash        Conj/Hex       58%        N/A       1%          3
d - Hailstorm             Conj/Ice       37%        3d9       0%          3
e - Plasma Beam           Fire/Air       16%        2x1d30    2%          6
f - Arcjolt               Conj/Air       18%        1d28      1%          5
g - Ignition              Fire           21%        3d8       32%         8
l - Freezing Cloud        Conj/Ice/Air   16%        6-21      1%          5
m - Mephitic Cloud        Conj/Pois/Air  31%        N/A       1%          3
I - Ignite Poison         Fire/Tmut/Pois 20%        N/A       1%          3
T - Olgreb's Toxic Radia  Pois           29%        N/A       1%          4

Your spell library contained the following spells:

 Spells                   Type           Power      Damage    Failure   Level
 Lehudib's Crystal Spear  Conj/Erth      12%        10d4      99%         8
 Fire Storm               Conj/Fire      20%        8d5       99%         9
 Chain Lightning          Conj/Air       18%        3d24      100%        9
 Freeze                   Ice            100%       1d10      0%          1
 Magic Dart               Conj           100%       1d8       0%          1
 Searing Ray              Conj           98%        2d8       0%          2
 Sandblast                Erth           18%        2d7       1%          1
 Sting                    Tmut/Pois      56%        1d5       1%          1
 Cigotuvi's Dreadful Rot  Necr/Pois/Air  40%        N/A       1%          2
 Frozen Ramparts          Ice            68%        1d11      1%          3
 Fulminant Prism          Conj/Hex       14%        3d8       1%          4
 Summon Small Mammal      Summ           36%        N/A       2%          1
 Call Canine Familiar     Summ           9%         N/A       11%         3
 Gell's Gravitas          Tloc           9%         N/A       11%         3
 Summon Guardian Golem    Hex/Summ       9%         N/A       11%         3
 Teleport Other           Tloc           9%         N/A       11%         3
 Animate Dead             Necr           15%        N/A       13%         4
 Leda's Liquefaction      Hex/Erth       4%         N/A       41%         4
 Silence                  Hex/Air        10%        N/A       13%         5
 Agony                    Necr           15%        N/A       38%         5
 Maxwell's Capacitive Co  Air            17%        ∞         75%         8
 Borgnjor's Vile Clutch   Necr/Erth      3%         N/A       85%         5
 Death Channel            Necr           7%         N/A       95%         6
 Dispersal                Tloc           4%         N/A       100%        6
 Statue Form              Tmut/Erth      2%         N/A       100%        6
 Storm Form               Tmut/Air       8%         N/A       100%        7


Dungeon Overview and Level Annotations

Branches:
Dungeon (15/15)            Temple (0/1) D:7            Lair (5/5) D:9
  Swamp (4/4) Lair:3        Snake (4/4) Lair:2        Slime (0/5) Lair:5
    Orc (2/2) D:11            Elf (1/3) Orc:2        Vaults (4/5) D:14
  Crypt (1/3) Vaults:3     Depths (1/4) D:15        Gauntlet (visited)

Altars:
Ashenzari
Dithmenos
Hepliaklqana
Kikubaaqudgha
Nemelex Xobeh
Okawaru
Uskayaw
Vehumet
Wu Jian
Yredelemnul
Zin
The Shining One
Jiyva

Shops:
D:5 [   D:7 [   D:9 *   Orc:2 =[*(   Snake:1 (   Snake:2 =   Snake:3 =[
Snake:4 *   Vaults:2 (

Portals:
Trove: D:12 (give +3 ice dragon scales)

Annotations:
D:15 3 runed translucent doors, Goalis's ghost, journeyman GrFi
Lair:5 exclusion: obsidian statue
Orc:2 exclusion: downstairs
Vaults:3 exclusion: downstairs
Vaults:4 exclusion: upstairs


Innate Abilities, Weirdness & Mutations

You cannot be hasted, slowed, berserked, paralysed or teleported.
You can dig through walls and to a lower floor.
You have a pair of large antennae on your head. (SInv)
Your four strong arms can wield two-handed weapons with a shield.
[You are very clumsy. (Dex -4)]
[Armour fits poorly on your strangely shaped body.]
[Your body often deteriorates upon taking damage.]
[You are very dopey. (Int -4)]
[You are extremely frail. (-30% HP)]
[Your magical capacity is extremely low. (-30% MP)]
[You frequently scream uncontrollably at your foes.]
[You do not regenerate when monsters are visible.]
[You are very weak. (Str -4)]
[Potions cannot restore your health.]
[You are extremely vulnerable to cold. (rC---)]
[Your spells are much easier to cast, but much less powerful.]
[You sometimes lose the ability to read scrolls when taking damage.]


Message History

You scream at the shadow imp!
A shadow imp comes into view.
The purple very ugly thing gurgles horribly!
You hear a bark!
You block the purple very ugly thing's attack.
The purple very ugly thing attacks as you move away!
The purple very ugly thing headbutts you.
* * * LOW HITPOINT WARNING * * *
The purple very ugly thing attacks as you move away!
The purple very ugly thing headbutts you but does no damage.
The shadow imp closely misses you. You block the shadow imp's attack.
Your shield discharges, shocking the shadow imp!
You kill the shadow imp!
Vehumet accepts your kill.
You feel your power returning.
The purple very ugly thing attacks as you move away!
You block the purple very ugly thing's attack.
The raiju attacks as you move away! You block the raiju's attack.
Your shield discharges, shocking the raiju!
The raiju completely resists.
The purple very ugly thing attacks as you move away!
You block the purple very ugly thing's attack.
Okay, then.
Aiming: Paralyse
Press: ? - help, Shift-Dir - straight line, f - purple very ugly thing
Aim: a purple very ugly thing (chance to affect: 38%)
The purple very ugly thing resists with some effort.
The purple very ugly thing headbutts you but does no damage.
Aiming: Paralyse
Press: ? - help, Shift-Dir - straight line, f/p - purple very ugly thing
Aim: a purple very ugly thing (chance to affect: 38%)
The purple very ugly thing suddenly stops moving!
You scream at the ynoxinul!
A ynoxinul comes into view.
You block the ynoxinul's attack. The ynoxinul gestures at you.
The entropic shot hits you!!
You feel threatened and lose the ability to read scrolls!
You die...

# # .#.# .#
##.#..
.##.....
..#...#
#.....# ..
#...#
#.###@.#
#.....##
#.#..3..##
#....#..#
#.#.###..#
..#..
#..#.# #...
#.#### .##.
##u## #h{#
### ###....
.# #...#.##
###..# ####
.#..## ..X
# ....
..###..#{{§
...#.#. ##
. ##{ #...
. ##...# {
#....##.
{##.. ..{
#..###.x...
.#.. #.## .
..# . . #..
##X. ## ..
#


You could see a ynoxinul.

Vanquished Creatures
  Saint Roka (Vaults:1)
  Mlioglotl (Snake:1)
  Frances (D:12)
  A deep elf master archer (Vaults:3)
  Asterion (Snake:1)
  A thorn hunter (Swamp:1)
  The ghost of Eboth the Blocker, an adept GnFi of Okawaru (Swamp:1)
  A sphinx (Vaults:1)
  Kirke (Swamp:1)
  A tengu reaver (Vaults:4)
  Roxanne (Swamp:2)
  4 nagarajas (Snake:4)
  Louise (Swamp:1)
  2 vault wardens
  9 ironbound preservers
  A war gargoyle (Vaults:1)
  2 orc warlords
  5 ironbound thunderhulks
  5 eleionomae
  An ophan (Abyss:2)
  A very ugly thing (D:15)
  4 bunyips
  6 dire elephants
  Nessos (Lair:3)
  A minotaur (Gauntlet)
  Josephine (Lair:3)
  A crystal guardian (Vaults:1)
  A formless jellyfish (Vaults:1)
  An ettin (Vaults:3)
  3 shambling mangroves
  The ghost of IdlyInterested the Fighter, a journeyman DsWn of Qazlal (D:11)
  3 yaktaur captains
  Harold (Orc:1)
  3 great orbs of eyes (Vaults:1)
  A spriggan zombie (Crypt:1)
  An elf skeleton (Crypt:1)
  3 salamander tyrants
  6 ghost crabs
  An ogre mage (D:15)
  A peacekeeper (Vaults:1)
  2 vault guards (Vaults:3)
  18 hydras
  6 boulder beetles
  5 ironbound frosthearts
  16 centaur warriors
  A catoblepas (Gauntlet)
  14 anacondas
  8 two-headed ogres
  9 alligators
  10 naga warriors
  17 death yaks
  A thrashing horror (Abyss:2)
  A dancing weapon (Orc:2)
  2 orc high priests
  6 shock serpents
  14 naga sharpshooters
  4 skysharks
  Nergalle (Lair:3)
  2 spectral death yaks (Lair:5)
  3 salamander mystics
  A shadow demon (Abyss:2)
  10 skeletal warriors
  4 spriggan druids
  The ghost of lunkers the Geomancer, a novice MeWn (D:8)
  2 glowing orange brains
  Pikel (D:5)
  A spectral anaconda (Lair:5)
  6 goliath frogs
  10 deep trolls
  4 lindwurms
  9 naga ritualists
  2 wizards
  A spriggan simulacrum (Crypt:1)
  11 swamp dragons
  5 bog bodies
  7 ironbound convokers
  3 deep elf zephyrmancers
  8 mana vipers
  4 deep elf pyromancers
  3 orc sorcerers (Orc:2)
  8 orc knights
  A phantasmal warrior (Abyss:2)
  12 salamanders
  4 necromancers
  5 manticores
  2 oklob plants
  5 cyclopes
  19 ugly things
  4 will-o-the-wisps
  12 elephants (Lair:5)
  5 guardian serpents
  Maurice (D:8)
  13 naga magi
  7 vault sentinels
  41 black mambas
  2 molten gargoyles (Gauntlet)
  4 gargoyles
  13 cane toads
  Maggie (Lair:1)
  A hellion (Abyss:2)
  2 dire elephant skeletons (Lair:5)
  An efreet (D:13)
  5 yaktaurs
  13 rime drakes
  8 komodo dragons
  A tengu conjurer (D:14)
  A queen bee (Gauntlet)
  10 trolls
  A bloated husk (Swamp:4)
  7 tyrant leeches
  5 polar bears
  A hellwing (Abyss:2)
  16 hornets
  A raiju (Abyss:2)
  7 dream sheep (Lair:4)
  20 blink frogs
  A spectral elephant (Lair:5)
  28 slime creatures
  2 large abominations (Abyss:2)
  A flying skull (Abyss:2)
  11 spriggans
  2 shadows (Gauntlet)
  2 vampires
  6 wraiths
  3 humans (Swamp:1)
  4 wyverns
  61 yaks
  3 basilisks
  2 redbacks (Vaults:3)
  17 vampire mosquitoes
  2 death yak simulacra (Lair:5)
  Menkaure (D:6)
  3 neqoxecs
  12 steam dragons
  2 spectral cane toads (Lair:5)
  13 swamp worms
  4 wargs
  55 nagas
  A small abomination (Abyss:2)
  15 water moccasins
  An acid dragon (Lair:2)
  8 swamp drakes (Swamp:4)
  4 black bears
  3 ice beasts
  2 elephant zombies (Lair:5)
  34 orc warriors
  A sky beast (D:8)
  6 boggarts (Vaults:3)
  10 ogres
  An ice beast (shapeshifter) (D:15)
  11 wolves
  An elephant skeleton (Lair:5)
  13 centaurs
  4 lemures (D:5)
  4 phantoms
  4 kobold brigands
  Blork the orc (D:6)
  6 bullfrogs
  3 scorpions
  A naga simulacrum (Crypt:1)
  20 wights
  A killer bee (shapeshifter) (Vaults:3)
  3 elephant simulacra (Lair:5)
  10 killer bees
  5 howler monkeys
  3 lava snakes (Lair:2)
  2 jellies
  6 hounds
  3 gnoll boudas
  19 orc priests
  4 iguanas
  18 orc wizards
  Robin (D:4)
  2 gnolls (shapeshifter) (D:8)
  20 gnolls
  8 adders
  3 shadow imps
  3 white imps
  2 ufetubi
  A worm (D:2)
  2 dart slugs (D:4)
  A dart slug (shapeshifter) (D:8)
  64 orcs
  6 endoplasms
  16 goblins
  7 hobgoblins (D:4)
  4 jackals (D:3)
  27 kobolds
  5 quokkas
  4 ball pythons
  5 bats
  A rat (D:3)
  A spectral goblin (D:10)
1220 creatures vanquished.

Vanquished Creatures (collateral kills)
  The ghost of Novit the Stormcaller, a journeyman OpAE of Gozag (Lair:5)
1 creature vanquished.

Vanquished Creatures (others)
  A naga sharpshooter (Snake:3)
  A will-o-the-wisp (Swamp:1)
  A centaur zombie (Crypt:1)
  A tyrant leech (Swamp:4)
  4 bloated husks
  A vampire (D:14)
  A naga (Snake:2)
  30 foxfires
  2 starspawn tentacles (Abyss:2)
42 creatures vanquished.

Grand Total: 1263 creatures vanquished

Notes
Turn   | Place    | Note
-------+----------+-------------------------------------------
     0 | D:5      | petzl the Formicid Delver began the quest for the Orb.
     0 | D:5      | Reached XP level 1. HP: 18/18 MP: 1/1
    19 | D:6      | Noticed Blork the orc
    27 | D:6      | Noticed a hound
    79 | D:5      | Noticed a jelly
    83 | D:5      | Killed a jelly
    84 | D:5      | Reached skill level 1 in Ranged Weapons
    84 | D:5      | Reached skill level 1 in Spellcasting
    84 | D:5      | Reached skill level 1 in Evocations
    84 | D:5      | Reached XP level 2. HP: 24/24 MP: 1/3
    84 | D:5      | Reached XP level 3. HP: 29/29 MP: 1/4
   141 | D:5      | Identified the +1 pair of gloves "Vemuol" {rF+}
   166 | D:5      | Learned a level 3 spell: Dazzling Flash
   279 | D:3      | Reached XP level 4. HP: 35/35 MP: 5/5
   921 | D:2      | Identified the ring of Bit Kuow {rPois rC+ Will- Str+7
                  | Int-5}
   989 | D:2      | Reached skill level 1 in Hexes
  1416 | D:3      | Found a broken altar of Ashenzari.
  1420 | D:3      | Reached skill level 1 in Conjurations
  1420 | D:3      | Reached XP level 5. HP: 37/41 MP: 5/7
  1445 | D:3      | Learned a level 3 spell: Mephitic Cloud
  1674 | D:3      | Found a shadowy altar of Dithmenos.
  1785 | D:3      | Found a faded altar of an unknown god.
  1955 | D:4      | Reached skill level 1 in Poison Magic
  1955 | D:4      | Reached XP level 6. HP: 47/47 MP: 8/8
  2087 | D:4      | Found a radiant altar of Vehumet.
  2098 | D:4      | Became a worshipper of Vehumet
  2521 | D:4      | Reached skill level 1 in Air Magic
  2608 | D:4      | Noticed Robin
  2622 | D:4      | Killed Robin
  2847 | D:5      | Reached XP level 7. HP: 45/52 MP: 8/10
  2861 | D:5      | Reached * piety under Vehumet
  2861 | D:5      | Offered knowledge of Freeze by Vehumet.
  2864 | D:5      | Learned a level 1 spell: Freeze
  2867 | D:5      | Learned a level 2 spell: Poisonous Vapours
  3119 | D:5      | You fall into a shaft and drop 3 floors!
  3298 | D:8      | Noticed Maurice
  3465 | D:7      | Reached XP level 8. HP: 37/60 MP: 7/11
  3706 | D:7      | Found Ukoba Mira's Antique Armour Boutique.
  4287 | D:7      | Found a staircase to the Ecumenical Temple.
  4377 | D:5      | Found Piezevica's Antique Armour Boutique.
  4384 | D:5      | Offered knowledge of Scorch by Vehumet.
  4404 | D:5      | Reached ** piety under Vehumet
  4501 | D:5      | Bought a spiked leather armour for 154 gold pieces
  4501 | D:5      | Identified the +1 leather armour of the Other Side {Dex+4}
                  | (You bought it in a shop on level 5 of the Dungeon)
  4701 | D:5      | Reached skill level 5 in Poison Magic
  4742 | D:5      | Found an iron altar of Okawaru.
  4776 | D:5      | Reached XP level 9. HP: 38/66 MP: 13/13
  4956 | D:5      | Reached skill level 1 in Armour
  5270 | D:5      | You fall into a shaft and drop 3 floors!
  5272 | D:8      | HP: 3/65 [poisoned by a water moccasin]
  5326 | D:8      | Found a runed translucent gate.
  5327 | D:8      | Found a runed translucent gate.
  5328 | D:8      | Found a runed translucent gate.
  5328 | D:8      | Noticed a purple ugly thing
  5359 | D:8      | Noticed a brown ugly thing
  5360 | D:8      | Noticed a purple ugly thing
  5361 | D:8      | Noticed a brown ugly thing
  5362 | D:8      | Noticed a purple ugly thing
  5428 | D:6      | Noticed Pikel
  5437 | D:5      | Reached skill level 1 in Staves
  5437 | D:5      | Reached skill level 1 in Necromancy
  5646 | D:6      | Noticed Menkaure
  5651 | D:6      | Killed Menkaure
  5652 | D:6      | Reached skill level 5 in Fighting
  5723 | D:6      | Killed Blork the orc
  5907 | D:6      | Offered knowledge of Static Discharge by Vehumet.
  5939 | D:6      | Noticed a troll
  5949 | D:5      | You fall into a shaft and drop 1 floor!
  6581 | D:6      | Killed a troll
  6645 | D:6      | Reached *** piety under Vehumet
  6646 | D:6      | Reached XP level 10. HP: 74/74 MP: 9/15
  7712 | D:6      | Offered knowledge of Hailstorm by Vehumet.
  7717 | D:6      | Learned a level 3 spell: Hailstorm
  7723 | D:6      | Learned a level 5 spell: Freezing Cloud
  7889 | D:7      | You fall into a shaft and drop 2 floors!
  7889 | D:9      | Found Zin's Purification Station.
  7930 | D:9      | Found a glowing silver altar of Zin.
  7966 | D:8      | Reached skill level 5 in Ranged Weapons
  8042 | D:8      | You fall into a shaft and drop 1 floor!
  8157 | D:9      | Reached skill level 1 in Ice Magic
  8189 | D:9      | You fall into a shaft and drop 2 floors!
  8323 | D:11     | Noticed a two-headed ogre
  8339 | D:11     | Killed a two-headed ogre
  8340 | D:11     | Reached skill level 5 in Conjurations
  8426 | D:11     | Noticed a komodo dragon
  8428 | D:11     | Killed a komodo dragon
  8473 | D:10     | Entered Level 10 of the Dungeon
  8509 | D:11     | Reached XP level 11. HP: 81/81 MP: 14/18
  8514 | D:11     | Noticed a manticore
  8643 | D:8      | Killed Maurice
  8644 | D:8      | Reached skill level 5 in Spellcasting
  8988 | D:7      | Identified the +4 triple sword "Weuxkos" {freeze, +Blink
                  | rElec Str-4 Dex+5 Stlth+}
  8988 | D:7      | Identified the +3 leather armour of the Chupacabra {-Cast
                  | rN+ Dex+3 Slay+2}
  9605 | D:8      | Reached skill level 5 in Air Magic
  9727 | D:8      | Reached **** piety under Vehumet
  9973 | D:8      | Reached skill level 5 in Ice Magic
 10721 | D:9      | Found a staircase to the Lair.
 10869 | D:9      | Identified a scroll of acquirement
 10887 | D:9      | Noticed a manticore
 10895 | D:9      | Killed a manticore
 10895 | D:9      | Offered knowledge of Olgreb's Toxic Radiance by Vehumet.
 10901 | D:9      | Learned a level 4 spell: Olgreb's Toxic Radiance
 11171 | Lair:1   | Entered Level 1 of the Lair of Beasts
 11263 | Lair:2   | Noticed an oklob plant
 11263 | Lair:2   | Noticed a skyshark
 11349 | Lair:1   | Noticed Maggie
 11354 | Lair:1   | Killed Maggie
 11663 | Lair:1   | Reached XP level 12. HP: 88/89 MP: 4/21
 12431 | Lair:2   | Noticed a skyshark
 12435 | Lair:2   | Killed a skyshark
 12618 | Lair:2   | Found a staircase to the Snake Pit.
 13126 | Lair:3   | Noticed a six-headed hydra
 13126 | Lair:3   | Noticed a five-headed hydra
 13235 | Lair:3   | Noticed Nessos
 13286 | Lair:2   | You fall into a shaft and drop 1 floor!
 13286 | Lair:3   | Noticed a skyshark
 13426 | Lair:4   | Noticed a death yak
 13426 | Lair:4   | Noticed a death yak
 13426 | Lair:4   | Noticed a death yak
 13426 | Lair:4   | Noticed a death yak
 13487 | Lair:3   | Killed Nessos
 13487 | Lair:3   | Reached ***** piety under Vehumet
 13635 | Lair:3   | Offered knowledge of Ozocubu's Refrigeration by Vehumet.
 13648 | Lair:3   | Reached XP level 13. HP: 98/98 MP: 5/24
 14071 | Lair:3   | Noticed Josephine
 14080 | Lair:3   | Killed Josephine
 14176 | Lair:3   | Killed a five-headed hydra
 14186 | Lair:3   | Killed a six-headed hydra
 14346 | Lair:3   | Noticed Nergalle
 15790 | Lair:2   | Reached skill level 10 in Spellcasting
 15983 | D:10     | Reached XP level 14. HP: 105/105 MP: 19/28
 16039 | D:10     | Found a sparkling altar of Nemelex Xobeh.
 16121 | D:10     | Found a glowing golden altar of the Shining One.
 16178 | D:10     | Found a hazy altar of Hepliaklqana.
 17068 | D:11     | Noticed IdlyInterested's ghost (journeyman DsWn)
 17071 | D:11     | Found a runed translucent door.
 17348 | D:11     | Offered knowledge of Irradiate by Vehumet.
 17356 | D:11     | Reached skill level 10 in Conjurations
 17405 | D:11     | Found a staircase to the Orcish Mines.
 17443 | Orc:1    | Entered Level 1 of the Orcish Mines
 17969 | Orc:1    | Noticed Harold
 18049 | Orc:1    | Killed Harold
 18349 | Orc:1    | Reached skill level 10 in Fighting
 18606 | D:5      | Bought the +5 Storm Queen's Shield {shock, Fly rElec} for
                  | 1003 gold pieces
 18606 | D:5      | Found the +5 Storm Queen's Shield {shock, Fly rElec}
 18849 | D:11     | Reached skill level 1 in Shields
 19036 | Orc:2    | Entered Level 2 of the Orcish Mines
 19078 | Orc:2    | Found a staircase to the Elven Halls.
 19602 | Orc:2    | Noticed an orc warlord
 19945 | Orc:2    | Reached skill level 5 in Shields
 20820 | Orc:2    | Reached skill level 5 in Armour
 20832 | Orc:2    | Offered knowledge of Plasma Beam by Vehumet.
 21313 | Orc:2    | Killed an orc warlord
 21435 | Orc:2    | Found Kuox's Antique Armour Shop.
 21440 | Orc:2    | Found Pomagg's Antique Weapon Shop.
 21444 | Orc:2    | Found Buso's General Store.
 21447 | Orc:2    | Found Uwe Waukh's Jewellery Shop.
 21503 | Orc:2    | Bought a scroll of identify for 28 gold pieces
 21620 | Elf:1    | Entered Level 1 of the Elven Halls
 21765 | D:13     | Found a gate leading to a gauntlet.
 22123 | Gauntlet | Entered a Gauntlet
 22123 | Gauntlet | Found a transporter.
 22123 | Gauntlet | Found a transporter.
 22123 | Gauntlet | Found a transporter.
 22147 | Gauntlet | Found a transporter.
 22162 | Gauntlet | Found a transporter.
 22163 | Gauntlet | Found the ring of the Octopus King
 22165 | Gauntlet | Found a transporter.
 22180 | Gauntlet | Found a transporter.
 22183 | Gauntlet | Found the +3 pair of gauntlets of War {Slay+5}
 22198 | Gauntlet | Found a runed translucent door.
 22199 | Gauntlet | Found a transporter.
 22200 | Gauntlet | Found a runed translucent door.
 22200 | Gauntlet | Noticed a reaper
 22202 | Gauntlet | Found a transporter.
 22205 | Gauntlet | Found a transporter.
 22214 | Gauntlet | Found a transporter.
 22217 | Gauntlet | Found a transporter.
 22368 | Gauntlet | Learned a level 6 spell: Plasma Beam
 22407 | Gauntlet | Identified a ring of the Octopus King {rC+ HP+2 AC+2 EV+2
                  | SH+2}
 22472 | Gauntlet | Reached XP level 15. HP: 96/115 MP: 11/29
 22478 | Gauntlet | Reached skill level 1 in Fire Magic
 22606 | Gauntlet | Identified the +9 plate armour of Ringim {rF+ Str-5 SInv}
 22742 | Gauntlet | Identified the +0 acid dragon scales "Exzokevimm" {rCorr
                  | Dex+4}
 22743 | Gauntlet | Got the Octavo of Intoxication
 22747 | Gauntlet | Identified the +2 rapier of Peace {protect, *Noise Str+3
                  | Stlth+}
 22755 | Gauntlet | Identified the staff of cold "Faiff" {rF+ rC+ Dex+4 Stlth-}
 23339 | D:12     | Noticed Frances
 23352 | D:12     | Killed Frances
 23623 | D:12     | Found a portal to a secret trove of treasure.
 24039 | D:13     | Reached skill level 10 in Shields
 25455 | D:15     | Entered Level 15 of the Dungeon
 26456 | D:14     | Found a gate to the Vaults.
 26456 | D:14     | Noticed an ironbound preserver
 26474 | D:14     | Reached skill level 5 in Fire Magic
 26540 | D:14     | Killed an ironbound preserver
 26541 | D:14     | Reached XP level 16. HP: 122/122 MP: 10/31
 27212 | Lair:3   | Found an ornate altar of the Wu Jian Council.
 27254 | Lair:3   | Found a hide-covered altar of Uskayaw.
 27737 | Lair:3   | Found a staircase to the Swamp.
 27744 | Swamp:1  | Entered Level 1 of the Swamp
 28180 | Swamp:1  | Noticed Louise
 28298 | Swamp:1  | Offered knowledge of Yara's Violent Unravelling by Vehumet.
 28833 | Lair:5   | Entered Level 5 of the Lair of Beasts
 28833 | Lair:5   | Found a large runed translucent door.
 28833 | Lair:5   | Found a large runed translucent door.
 28839 | Lair:5   | Noticed Novit's ghost (journeyman OpAE)
 29120 | Lair:3   | Killed Nergalle
 29446 | Lair:4   | Identified the +11 war axe of the Warrior-Mage {heavy,
                  | Int+6}
 29696 | Orc:2    | Bought an amulet of reflection for 330 gold pieces
 29722 | Orc:2    | Acquired 623 gold pieces
 29724 | Orc:2    | Bought a dazzling war axe for 221 gold pieces
 29724 | Orc:2    | Identified the +7 war axe of the Smoking Gods {heavy, *Slow
                  | Will++} (You bought it in a shop on level 2 of the Orcish
                  | Mines)
 29724 | Orc:2    | Bought an eveningstar for 390 gold pieces
 29724 | Orc:2    | Bought a warped short sword for 208 gold pieces
 29724 | Orc:2    | Identified the +10 short sword of the Usurping Gods
                  | {antimagic, rElec Dex+2} (You bought it in a shop on level
                  | 2 of the Orcish Mines)
 30232 | D:5      | Killed Pikel
 30423 | D:8      | Found a runed translucent gate.
 30423 | D:8      | Found a runed translucent gate.
 30433 | D:8      | Found a runed translucent gate.
 30433 | D:8      | Noticed lunkers's ghost (novice MeWn)
 30439 | D:8      | You are sucked into a shaft and drop 1 floor!
 30620 | D:8      | Gained mutation: [Your magical capacity is low. (-10% MP)]
                  | [mutagenic glow]
 30628 | D:8      | You are sucked into a shaft and drop 3 floors!
 30736 | D:8      | Killed lunkers's ghost
 30917 | D:11     | You are sucked into a shaft and drop 2 floors!
 30973 | D:11     | Killed IdlyInterested's ghost
 31266 | Lair:4   | Reached XP level 17. HP: 128/128 MP: 19/29
 31422 | Lair:4   | Offered knowledge of Arcjolt by Vehumet.
 31693 | Lair:4   | Learned a level 5 spell: Arcjolt
 32132 | Lair:5   | Found a staircase to the Slime Pits.
 32228 | Lair:5   | Found a viscous altar of Jiyva.
 32705 | Lair:5   | Identified the +0 pair of boots "Joczaotz" {Int+3}
 33499 | Lair:5   | Reached skill level 10 in Stealth
 34500 | Lair:5   | Killed Novit's ghost
 34500 | Lair:5   | Offered knowledge of Spellforged Servitor by Vehumet.
 34701 | Snake:1  | Entered Level 1 of the Snake Pit
 35197 | Snake:1  | Noticed Mlioglotl
 35370 | Snake:1  | Noticed Asterion
 35473 | Snake:1  | Found Duifamoe's Antique Weapon Shoppe.
 35479 | Snake:1  | Bought a brightly glowing shortbow for 312 gold pieces
 35479 | Snake:1  | Identified the +4 shortbow of Dishonour {elec, rElec rCorr
                  | Str-3 Int+6} (You bought it in a shop on level 1 of the
                  | Snake Pit)
 35872 | Snake:2  | Found Zufeopn's Jewellery Shop.
 36387 | Snake:2  | Reached XP level 18. HP: 135/135 MP: 20/31
 36865 | Snake:2  | Learned a level 3 spell: Ignite Poison
 37459 | Snake:3  | Offered knowledge of Ignition by Vehumet.
 37550 | Snake:2  | Learned a level 8 spell: Ignition
 37818 | Snake:4  | Entered Level 4 of the Snake Pit
 38648 | Snake:3  | Found Jugusaiq's Armour Shop.
 38650 | Snake:3  | Found Xempav's Jewellery Boutique.
 38893 | Snake:3  | Bought the ring of Generosity {rCorr MP+9 Dex-5 Slay+5
                  | SInv} for 567 gold pieces
 39770 | Snake:4  | Found Quxtim's Assorted Antiques.
 40050 | Snake:4  | Reached XP level 19. HP: 144/144 MP: 32/32
 40351 | Snake:4  | Reached ****** piety under Vehumet
 40362 | Snake:4  | Reached skill level 15 in Shields
 40523 | Snake:4  | Got a serpentine rune of Zot
 40731 | Snake:1  | You are sucked into a shaft and drop 1 floor!
 40781 | Snake:1  | Killed Asterion
 40848 | Snake:1  | You are sucked into a shaft and drop 1 floor!
 40880 | Snake:1  | You are sucked into a shaft and drop 1 floor!
 40978 | Snake:1  | You are sucked into a shaft and drop 1 floor!
 41018 | Snake:1  | You are sucked into a shaft and drop 1 floor!
 41080 | Snake:1  | Killed Mlioglotl
 41426 | Swamp:1  | Killed Louise
 41475 | Swamp:1  | Noticed Kirke
 41482 | Swamp:1  | Killed Kirke
 41656 | Swamp:1  | Found a runed translucent door.
 41657 | Swamp:1  | Noticed Eboth's ghost (adept GnFi)
 41845 | Swamp:2  | Reached skill level 10 in Air Magic
 41925 | Swamp:2  | Identified Roxanne's Tractate on Excavation
 41925 | Swamp:2  | Noticed Roxanne
 42006 | Swamp:2  | Killed Roxanne
 42006 | Swamp:2  | Offered knowledge of Lehudib's Crystal Spear by Vehumet.
 42006 | Swamp:2  | Offered knowledge of Fire Storm by Vehumet.
 42006 | Swamp:2  | Offered knowledge of Chain Lightning by Vehumet.
 42252 | Swamp:2  | Found a radiant altar of Vehumet.
 44020 | Swamp:4  | Entered Level 4 of the Swamp
 45448 | Swamp:4  | Reached skill level 10 in Fire Magic
 45448 | Swamp:4  | Reached XP level 20. HP: 153/153 MP: 33/33
 45489 | Swamp:4  | Got a decaying rune of Zot
 45984 | Swamp:1  | Killed Eboth's ghost
 46496 | D:15     | Noticed Goalis's ghost (journeyman GrFi)
 46528 | D:15     | Found a runed translucent gate.
 46528 | D:15     | Found a runed translucent gate.
 46528 | D:15     | Found a runed translucent gate.
 47003 | D:15     | Found a staircase to the Depths.
 47012 | Depths:1 | Entered Level 1 of the Depths
 47167 | Vaults:1 | Entered Level 1 of the Vaults
 47233 | Vaults:1 | You are sucked into a shaft and drop 1 floor!
 47236 | Vaults:2 | You are sucked into a shaft and drop 2 floors!
 47948 | Vaults:3 | Reached skill level 15 in Conjurations
 48927 | Vaults:3 | Found a staircase to the Crypt.
 48927 | Vaults:3 | Found an ancient bone altar of Kikubaaqudgha.
 48928 | Vaults:3 | Found a basalt altar of Yredelemnul.
 48940 | Crypt:1  | Entered Level 1 of the Crypt
 49376 | Vaults:2 | Identified the ring of the Wary Beds {rC- Str+6 Dex+7
                  | Stlth+}
 49621 | Vaults:1 | Learned a level 3 spell: Stone Arrow
 50239 | Vaults:1 | Reached XP level 21. HP: 156/159 MP: 9/35
 51057 | Vaults:2 | Found Yge Usogra's Weapon Shop.
 51254 | Vaults:1 | Noticed Saint Roka
 51274 | Vaults:1 | Killed Saint Roka
 51871 | Abyss:2  | Cast into level 2 of the Abyss (a wizard)
 51874 | Abyss:2  | Found a corrupted altar of Lugonu.
 52063 | Abyss:2  | Gained mutation: [You are clumsy. (Dex -2)] [a neqoxec]
 52550 | Abyss:2  | Killed from afar by a ynoxinul

Illustrated notes

Levels and vault maps discovered:
D:1:      tarquinn_simple_flora_water_d, layout_basic
D:2:      layout_rooms
D:3:      layout_rooms, mainiacjoe_overflow_paths,
          grunt_dithmenos_smoke_and_mirrors, dreamdust_ecumenical_altar_grove
D:4:      layout_basic, nicolae_vehumet_radiance, interstate_on_off, uniq_robin
D:5:      layout_basic, okawaru_metal_pillars_3, serial_shops,
          nicolae_diamond_shop
D:6:      layout_rooms, uniq_pikel, uniq_blork_the_orc, uniq_menkaure
D:7:      minmay_octagon_keep, layout_loops_ring, minmay_temple_entry_fiery,
          serial_shops, nicolae_shop_dealshenge
D:8:      kennysheep_steamy, layout_loops_ring,
          ploomutoo_gammafunk_ghost_potion_laboratory, uniq_maurice
D:9:      layout_cross, zin_purify, david_lair_shrubbed
D:10:     layout_gridville, nicolae_hepliaklqana_monster_ancestors,
          nemelex_spade_bored_becter, tso_altar
D:11:     layout_long_grid, david_orc_5, hellmonk_ghost_happy_afterlife
D:12:     layout_basic, enter_trove_3, uniq_frances
D:13:     layout_stronghold, gauntlet_entry_generic
D:14:     layout_stronghold, skrybe_vaults_entry_preservation, serial_glass,
          glass_columns_c, glass_columns_c, minmay_misc_feat_secret_circle,
          grunt_ministairs_4, st_stairs_2
D:15:     gammafunk_enter_depths_forms, layout_rooms, patterned_corridor,
          maelrawn_ghost_gauntlet_escape
Lair:1:   layout_regular_city, infiniplex_staircase_pool, grunt_megastairs_1,
          uniq_maggie
Lair:2:   layout_roguey, nicolae_snake_entry_warm_welcome,
          minmay_lair_oklob_bushes, nicolae_quartered_pool_medium,
          bobbens_dragon_lair_wall
Lair:3:   layout_chaotic_city, minmay_swamp_entry_swarm,
          nzn_masters_of_martial_movement, uniq_nessos, uniq_nergalle,
          uniq_josephine
Lair:4:   layout_hall_layers, portal_ice_cave_entry_animals_and_master
Lair:5:   due_jungle_book, layout_regular_city, slime_entry_1,
          ebering_ghost_disaster_area, cheibrodos_lair_lostbears,
          lemuel_fruit_fields
Swamp:1:  layout_basic_swamp, ebering_ghost_inner_flame,
          evilmike_swamp_ruin_house_5, swamp_pool3, uniq_louise, uniq_kirke
Swamp:2:  layout_basic_swamp, nicolae_swamp_godswood, uniq_roxanne
Swamp:3:  layout_basic_swamp, nicolae_swamp_round_clearing, swamp_pool2,
          ldierk_geyser
Swamp:4:  swamp, layout_basic_swamp, nicolae_swamp_soggy_hallways
Snake:1:  layout_cave_shapes, serial_shops, shop, grunt_ministairs_4,
          uniq_mlioglotl, uniq_asterion
Snake:2:  layout_onion_interference, serial_shops, nicolae_shop_tiny_glass
Snake:3:  layout_rooms, grunt_megastairs_5, minmay_shoptagon
Snake:4:  johnstein_snake_rune_scales, layout_cave_town, serial_shops,
          nicolae_shop_trees, nicolae_snake_guarding_the_ruins,
          lemuel_fruit_tree
Orc:1:    layout_caves, uniq_harold
Orc:2:    grunt_orc_cross, layout_caves, mines3_lemuel
Elf:1:    minmay_elf_arrival_circle, layout_geoelf_grid, serial_shops,
          nicolae_diamond_shop, shop, minmay_elf_sorcery
Vaults:1: nicolae_vaults_trapezoid_lopsided_3, vaults_room_grunt_arrival_ludios,
          nicolae_vaults_heart-shaped_vault, grunt_vaults_twisty, v_misc_29,
          nicolae_vaults_storage_room_statues, nicolae_vaults_little_squares_3,
          layout_vaults_omnigrid, uniq_saint_roka
Vaults:2: nicolae_vaults_little_squares_5, v_misc_22, vaults_room_corners,
          vaults_dpeg_cross, nicolae_vaults_shipping_containers_6,
          nicolae_vaults_circle_grid_a, hangedman_vaults_stitches,
          nicolae_vaults_three_branches, vaults_mumra_lcd, v_pattern_5,
          v_misc_3, nicolae_vaults_variable_pillar_hall_cross, v_misc_16,
          nicolae_vaults_six-pack, layout_vaults_omnibox, serial_shops,
          nicolae_shop_bloodbath_and_beyond
Vaults:3: gammafunk_ghost_fury_of_okawaru, nicolae_vaults_closet_pinwheel_3,
          nicolae_vaults_surprise_closet, vaults_mumra_minichess_inversion,
          minmay_crypt_entry_necro_gods, nicolae_vaults_wrenched,
          nicolae_vaults_mini_display_case, hangedman_vaults_capsules,
          dpeg_vaults_hating_casters, layout_vaults_maze_bifur, serial_shops,
          nicolae_lakefront_shop
Vaults:4: nicolae_vaults_rhombus_5, nicolae_vaults_mitosis, v_misc_33,
          nicolae_vaults_rhombus_7, st_smaller_cells,
          nicolae_vaults_trapezoid_4, v_rooms_4,
          nicolae_vaults_little_squares_2, vaults_dpeg_ring,
          nicolae_vaults_house_2, hangedman_vaults_restitches,
          layout_vaults_ring, serial_shops, nicolae_square_shop
Crypt:1:  layout_gridlike, uniq_josephina
Depths:1: layout_gridlike, minmay_misc_feat_tiny, hell_entry,
          minmay_the_grid_2x2 [minmay_the_grid_broken_lines,
          minmay_the_grid_fan, minmay_the_grid_embedded,
          minmay_the_grid_prize_big_room], minmay_shop_grove, firewood_loft
Abyss:2:  base: Snake:2, minivault_22, minivault_22,
          evilmike_abyss_exit_mutagenic, evilmike_abyss_exit_vortex, base:
Snake:2

Skill      XL: |  1  2  3  4  5  6  7  8  9 10 11 12 13 14 15 16 17 18 19 20 21 |
---------------+----------------------------------------------------------------+-----
Ranged Weapons | 1 2 3 4 5 |  5.8
Spellcasting   | 1 2 3 4 6 7 10 11 12 13 14 | 14.8
Evocations     | 1 2 3 |  3.0
Hexes          | 1 2 3 |  3.5
Conjurations   | 1 2 3 4 5 6 7 9 10 11 12 13 14 15 | 15.8
Poison Magic   | 1 2 3 5 6 8 |  8.0
Air Magic      | 1 2 3 4 5 6 8 9 10 | 10.0
Fighting       | 4 5 6 8 10 11 12 | 12.6
Armour         | 2 3 6 7 8 |  8.6
Dodging        | 2 3 4 |  4.1
Staves         | 2 |  2.7
Necromancy     | 1 2 |  2.4
Stealth        | 7 9 10 11 12 | 12.0
Ice Magic      | 3 6 8 9 |  9.7
Shields        | 9 12 13 14 15 | 15.0
Fire Magic     | 5 8 10 12 13 | 13.1
Maces & Flails | |  2.0

Action                     |  1- 3 |  4- 6 |  7- 9 | 10-12 | 13-15 | 16-18 | 19-21 || total
---------------------------+-------+-------+-------+-------+-------+-------+-------++-------
  Melee: Quarterstaff      |     8 |    73 |   243 |    54 |    14 |       |       ||   392
         Punch             |       |     2 |     8 |     1 |     1 |       |       ||    12
         Mace              |       |       |    31 |     3 |     7 |       |       ||    41
         Long sword        |       |       |       |    25 |       |       |       ||    25
         Flail             |       |       |       |       |    97 |   111 |     3 ||   211
         War axe           |       |       |       |       |       |     2 |       ||     2
   Fire: Orcbow            |    13 |   117 |   162 |   279 |   409 |   250 |       ||  1230
         Shortbow          |       |       |     9 |       |       |   339 |   341 ||   689
  Throw: Dart              |       |       |     1 |     1 |       |       |     8 ||    10
         Throwing net      |       |       |     1 |       |     3 |       |       ||     4
   Cast: Poisonous Vapours |       |       |     2 |       |     2 |       |       ||     4
         Mephitic Cloud    |       |       |    40 |    31 |     1 |     1 |       ||    73
         Dazzling Flash    |       |       |       |    18 |     4 |    11 |       ||    33
         Hailstorm         |       |       |       |     9 |     1 |     7 |       ||    17
         Freezing Cloud    |       |       |       |    74 |   186 |   238 |   177 ||   675
         Olgreb's Toxic Ra |       |       |       |    16 |   121 |    76 |    53 ||   266
         Freeze            |       |       |       |       |     1 |       |       ||     1
         Arcjolt           |       |       |       |       |       |    77 |   149 ||   226
         Plasma Beam       |       |       |       |       |       |     7 |    60 ||    67
         Ignite Poison     |       |       |       |       |       |       |    55 ||    55
         Stone Arrow       |       |       |       |       |       |       |    17 ||    17
Ability: Dig               |       |     2 |     4 |     5 |     1 |     4 |    10 ||    26
         Shaft Self        |       |       |     3 |     4 |       |     3 |     7 ||    17
  Evoke: Wand              |       |       |    12 |     3 |    12 |     4 |     4 ||    35
         Box of beasts     |       |       |       |       |       |     1 |     1 ||     2
         Phial of floods   |       |       |       |       |       |       |     1 ||     1
    Use: Scroll            |     1 |       |     9 |     6 |    11 |     7 |     2 ||    36
         Potion            |       |       |     3 |       |     5 |     2 |     5 ||    15
   Stab: Confused          |       |       |     8 |       |       |       |       ||     8
         Invisible         |       |       |       |     1 |     1 |       |       ||     2
         Sleeping          |       |       |       |       |       |     1 |       ||     1
 Armour: Leather armour    |     4 |     3 |    65 |    34 |       |       |       ||   106
         Ring mail         |       |    56 |    50 |       |       |       |       ||   106
         Troll leather arm |       |       |       |    12 |    62 |    85 |    51 ||   210
         Skin              |       |       |       |       |     1 |       |       ||     1
  Dodge: Dodged            |     7 |    76 |   244 |   138 |   100 |    91 |    85 ||   741
  Block: Kite shield       |       |       |       |       |   210 |   383 |   270 ||   863
         Reflection        |       |       |       |       |       |    59 |    32 ||    91

Table legend: (Time is in decaauts)
 A = Elapsed time spent in this place.
 B = Non-inter-level travel time spent in this place.
 C = Inter-level travel time spent in this place.
 D = Time resting spent in this place.
 E = Time spent auto-exploring this place.
 F = Levels seen in this place.
 G = Mean time per level.
                   A        B        C        D        E       F      G
               +--------+--------+--------+--------+--------+-----+--------+
         Total |  53378 |  48650 |   4728 |  16075 |  13238 |  39 | 1368.7 |
       Dungeon |  20689 |  18457 |   2232 |   4173 |   7365 |  15 | 1379.3 |
          Lair |  10486 |   9410 |   1076 |   3372 |   2480 |   5 | 2097.2 |
         Swamp |   5401 |   5090 |    311 |   2191 |   1068 |   4 | 1350.2 |
     Snake Pit |   6700 |   6184 |    516 |   2230 |   1596 |   4 | 1675.0 |
  Orcish Mines |   4018 |   3490 |    528 |   1568 |    383 |   2 | 2009.0 |
   Elven Halls |     10 |     10 |      0 |      0 |      0 |   1 |   10.0 |
        Vaults |   4715 |   4651 |     64 |   2331 |    346 |   4 | 1178.8 |
         Crypt |     13 |     13 |      0 |      0 |      0 |   1 |   13.0 |
        Depths |     17 |     17 |      0 |      0 |      0 |   1 |   17.0 |
         Abyss |    678 |    678 |      0 |      0 |      0 |   1 |  678.0 |
      Gauntlet |    646 |    646 |      0 |    209 |      0 |   1 |  646.0 |
               +--------+--------+--------+--------+--------+-----+--------+

Top non-repeatable levels by time:
  Lair:5: 2973 daAuts
  Lair:2: 2534 daAuts
  Lair:3: 2501 daAuts
     D:5: 2445 daAuts
   Orc:2: 2411 daAuts
     D:7: 2353 daAuts
     D:8: 2260 daAuts
    D:14: 2210 daAuts
Vaults:1: 2076 daAuts
 Snake:4: 1974 daAuts
 Snake:1: 1898 daAuts
 Swamp:2: 1668 daAuts
 Snake:2: 1656 daAuts
   Orc:1: 1606 daAuts
     D:9: 1601 daAuts
